[ AOE2 MATCH · #508070842 ]
UnrankedAztecs vs Mongols
Player's team · LOSS
Rival team · WIN
[ REPLAY ANALYSIS · EXTRACTED FROM THE RECORDED GAME ]
Feudal
9:03
Castle
—
Imperial
—
| APM avg | 48.6 |
| APM peak | 86 |
| eAPM avg | 19.0 |
| Villagers / military | 20 / 9 |
Focus
⚔️ 42.0% · 🌾 58.0%
Militia ×5 · Archer ×4
Feudal
11:54
Castle
—
Imperial
—
| APM avg | 53.5 |
| APM peak | 97 |
| eAPM avg | 25.3 |
| Villagers / military | 34 / 11 |
Focus
⚔️ 29.8% · 🌾 70.2%
Militia ×6 · Skirmisher ×5
Match map
Initial resources + every placement click. Lines = walls · curves = elevation contours. ◆ gold · ⬟ stone · ● berries · ✦ relic · ◌ wall gap
Your base· Open — 13t gap
ssz's base· Open — unwalled flank
Smoothed initial terrain · ◌ = detected wall gap · hover for details
Inputs per minute
— Yanez - - ssz
Build order — Yanez
54 actions detected in the replay
| 0:00 | Queue | Villager (Male) |
| 0:00 | Queue | Villager (Male) |
| 0:01 | Queue | Villager (Male) |
| 0:02 | Build | House |
| 0:04 | Build | House |
| 0:37 | Queue | Villager (Male) |
| 1:41 | Queue | Villager (Male) |
| 1:41 | Queue | Villager (Male) |
| 1:42 | Queue | Villager (Male) |
| 1:46 | Build | Lumber Camp |
| 2:24 | Queue | Villager (Male) |
| 2:24 | Queue | Villager (Male) |
| 2:40 | Queue | Villager (Male) |
| 2:43 | Build | House |
| 3:03 | Queue | Villager (Male) |
| 3:28 | Queue | Villager (Male) |
| 4:06 | Queue | Villager (Male) |
| 4:24 | Queue | Villager (Male) |
| 4:57 | Queue | Villager (Male) |
| 5:22 | Queue | Villager (Male) |
| 5:33 | Build | Barracks |
| 5:43 | Queue | Villager (Male) |
| 5:44 | Research | Loom |
| 6:29 | Build | House |
| 6:53 | Research | Feudal Age |
| 6:59 | Queue | Militia |
| 7:18 | Queue | Militia |
| 7:39 | Build | Mining Camp |
| 7:43 | Queue | Militia |
| 7:43 | Queue | Militia |
| 7:57 | Build | House |
| 8:01 | Queue | Militia |
| 8:19 | Build | House |
| 8:44 | Build | House |
| 9:03 | Age | Feudal Age |
| 9:06 | Research | Man-at-Arms (upgrade) |
| 9:36 | Build | Lumber Camp |
| 9:49 | Build | Mill |
| 10:04 | Build | Palisade Wall |
| 10:05 | Build | Palisade Wall |
| 10:07 | Build | Palisade Wall |
| 10:22 | Build | Mill |
| 10:59 | Build | Farm |
| 11:15 | Build | Farm |
| 11:48 | Queue | Villager (Male) |
| 11:53 | Build | Archery Range |
| 12:21 | Queue | Villager (Male) |
| 12:24 | Build | Farm |
| 12:47 | Build | Farm |
| 12:51 | Queue | Archer |
| 12:52 | Queue | Archer |
| 12:53 | Queue | Archer |
| 13:01 | Queue | Villager (Male) |
| 13:06 | Queue | Archer |
Build order — ssz
73 actions detected in the replay
| 0:01 | Queue | Villager (Male) |
| 0:01 | Queue | Villager (Male) |
| 0:02 | Build | House |
| 0:04 | Build | House |
| 0:11 | Queue | Villager (Male) |
| 0:11 | Queue | Villager (Male) |
| 1:33 | Queue | Villager (Male) |
| 2:06 | Build | Barracks |
| 2:11 | Queue | Villager (Male) |
| 2:12 | Queue | Villager (Male) |
| 2:32 | Queue | Villager (Male) |
| 2:32 | Queue | Villager (Male) |
| 3:01 | Research | Loom |
| 3:04 | Queue | Militia |
| 3:04 | Queue | Militia |
| 3:13 | Build | House |
| 3:40 | Queue | Militia |
| 3:41 | Queue | Militia |
| 4:09 | Queue | Villager (Male) |
| 4:27 | Queue | Militia |
| 4:27 | Queue | Militia |
| 4:31 | Queue | Villager (Male) |
| 4:37 | Queue | Villager (Male) |
| 4:37 | Queue | Villager (Male) |
| 4:46 | Queue | Villager (Male) |
| 4:47 | Queue | Villager (Male) |
| 5:09 | Queue | Villager (Male) |
| 5:24 | Queue | Villager (Male) |
| 5:29 | Build | Lumber Camp |
| 5:41 | Queue | Villager (Male) |
| 5:42 | Queue | Villager (Male) |
| 6:31 | Build | House |
| 6:59 | Queue | Villager (Male) |
| 7:05 | Queue | Villager (Male) |
| 7:06 | Queue | Villager (Male) |
| 7:26 | Build | Palisade Wall |
| 7:27 | Build | Palisade Wall |
| 7:27 | Build | Palisade Wall |
| 7:28 | Build | Palisade Wall |
| 7:29 | Build | Palisade Wall |
| 7:30 | Build | Palisade Wall |
| 7:34 | Build | Palisade Wall |
| 7:36 | Build | Palisade Wall |
| 7:40 | Queue | Villager (Male) |
| 7:58 | Queue | Villager (Male) |
| 8:21 | Build | House |
| 8:27 | Build | Mill |
| 8:31 | Queue | Villager (Male) |
| 9:00 | Queue | Villager (Male) |
| 9:41 | Research | Feudal Age |
| 10:00 | Build | Mill |
| 10:37 | Queue | Villager (Male) |
| 10:50 | Build | House |
| 10:58 | Build | House |
| 11:25 | Queue | Villager (Male) |
| 11:48 | Queue | Villager (Male) |
| 11:54 | Age | Feudal Age |
| 11:55 | Build | Archery Range |
| 11:56 | Queue | Villager (Male) |
| 11:58 | Research | Double-Bit Axe |
| 12:12 | Queue | Villager (Male) |
| 12:17 | Build | Mining Camp |
| 12:36 | Queue | Skirmisher |
| 12:37 | Queue | Skirmisher |
| 12:40 | Queue | Villager (Male) |
| 12:47 | Build | Watch Tower |
| 13:05 | Build | Watch Tower |
| 13:06 | Queue | Villager (Male) |
| 13:12 | Queue | Skirmisher |
| 13:12 | Queue | Skirmisher |
| 13:13 | Queue | Skirmisher |
| 13:26 | Build | House |
| 13:33 | Queue | Villager (Male) |
Match timeline
| 2:06 | ssz · first_building Barracks |
| 5:33 | Yanez · first_building Barracks |
| 7:26 | ssz · wall_segment Palisade Wall x4 |
| 7:27 | ssz · wall_segment Palisade Wall x1 |
| 7:27 | ssz · wall_segment Palisade Wall x1 |
| 7:28 | ssz · wall_segment Palisade Wall x2 |
| 7:29 | ssz · wall_segment Palisade Wall x3 |
| 7:30 | ssz · wall_segment Palisade Wall x3 |
| 7:34 | ssz · wall_segment Palisade Wall x2 |
| 7:36 | ssz · wall_segment Palisade Wall x1 |
| 9:03 | Yanez · age_up feudal |
| 10:04 | Yanez · wall_segment Palisade Wall x1 |
| 10:05 | Yanez · wall_segment Palisade Wall x1 |
| 10:07 | Yanez · wall_segment Palisade Wall x1 |
| 11:53 | Yanez · first_building Archery Range |
| 11:54 | ssz · age_up feudal |
| 11:55 | ssz · first_building Archery Range |
| 13:36 | Yanez · resign |
[ AI ANALYSIS · 1 CREDIT ]
What really happened in this match?
Wolo.gg analyzes every decision: build order, eco, micro, common mistakes by bracket. Personalized analysis on WhatsApp or Discord in 30 seconds.
Civ guide
Aztecs
Perfil
Jugador #255262